 Dungeon Crawl Stone Soup version 0.17-a0-1508-ge7f3dc3 (webtiles) character file.

1938456 Gorice the Hoplite (level 27, 226/226 HPs)
             Began as a Formicid Wanderer on July 4, 2015.
             Was the Champion of Okawaru.
             Escaped with the Orb
             ... and 4 runes on July 10, 2015!
             The game lasted 13:24:39 (107217 turns).

Gorice the Hoplite (Formicid Wanderer)            Turns: 107217, Time: 13:24:39

Health: 226/226    AC: 40    Str: 23    XL:     27
Magic:  41/41      EV: 22    Int: 17    God:    Okawaru [******]
Gold:   5900       SH: 28    Dex: 23    Spells: 9 memorised, 26 levels left

rFire  + + .     SeeInvis +     a - +9 lajatang (speed)
rCold  . . .     Clarity  .     Q - +10 plate armour "Xeheij" {Dex+5 Slay+3}
rNeg   + + .     SustAt   .     R - +2 large shield {reflect}
rPois  .         Gourm    .     (helmet unavailable)
rElec  .         Spirit   .     N - +0 cloak of the Evening {rCorr Slay+3 Stlth+}
rCorr  +         Warding  .     U - +2 pair of gloves {Dex+3}
rMut   +         Stasis   +     e - +2 pair of boots {Stlth+}
MR     ++...                    f - amulet of the Frog {rMut rF+ rN+}
Stlth  ++........               E - ring "Kueqac Kato" {rN+ Str+3}
                                X - ring of protection from fire

@: very resistant to hostile enchantments, unstealthy
A: permanent stasis, dig shafts and tunnels, four strong arms, antennae 3
a: Dig, Shaft Self, Heroism, Renounce Religion
0: Orb of Zot
}: 4/15 runes: barnacled, slimy, silver, gossamer


You escaped.
You worshipped Okawaru.
Okawaru was exalted by your worship.
You were not hungry.

You visited 12 branches of the dungeon, and saw 63 of its levels.
You visited the Abyss 1 time.
You also visited: Sewer.

You collected 8796 gold pieces.
You spent 2896 gold pieces at shops.

Inventory:

Hand weapons
 a - a +9 lajatang of speed (weapon)
   (Okawaru gifted it to you on level 1 of the Shoals)
 B - a +0 blowgun
 Z - the +2 great sword "Ucaojux" {flame, rElec rC- rN++ Dex+3}
   (Okawaru gifted it to you on level 5 of the Realm of Zot)

   It has been specially enchanted to burn those struck by it, causing extra
   injury to most foes and up to half again as much damage against particularly
   susceptible opponents.
   Big, fiery blades are also staple armaments of hydra-hunters.
   It affects your dexterity (+3).
   It makes you vulnerable to cold.
   It insulates you from electricity.
   It greatly protects you from negative energy.
Missiles
 s - 28 javelins of penetration
 t - 49 javelins (quivered)
 W - 15 curare-tipped needles
 Y - 19 throwing nets
Armour
 e - a +2 pair of boots of stealth (worn)
   (Okawaru gifted it to you on level 1 of the Vaults)
 N - the +0 cloak of the Evening (worn) {rCorr Slay+3 Stlth+}
   (You found it on level 1 of the Depths)

   It affects your accuracy and damage with ranged weapons and melee attacks
   (+3).
   It protects you from acid and corrosion.
   It makes you more stealthy.
 Q - the +10 plate armour "Xeheij" (worn) {Dex+5 Slay+3}
   (Okawaru gifted it to you on level 2 of the Spider Nest)

   It affects your dexterity (+5).
   It affects your accuracy and damage with ranged weapons and melee attacks
   (+3).
 R - a +2 large shield of reflection (worn)
   (Okawaru gifted it to you on level 2 of the Vaults)
 U - a +2 pair of gloves of dexterity (worn)
   (Okawaru gifted it to you on level 14 of the Dungeon)
Rods
 C - a +1 rod of clouds (14/14) {!a}
   (You found it on level 1 of the Shoals)
 L - a +5 lightning rod (11/11) {!a}
   (You took it off a deep elf high priest on level 3 of the Elven Halls)
Jewellery
 f - the amulet of the Frog (around neck) {rMut rF+ rN+}
   (You bought it in a shop on level 6 of the Dungeon)

   [amulet of resist mutation]

   It protects you from mutation.
   It protects you from fire.
   It protects you from negative energy.
 j - an uncursed ring of sustain attributes
 k - an uncursed ring of protection from magic
 p - an uncursed ring of poison resistance
 D - the ring "Kimemousm" {rElec Int+2}
   (You took it off a deep elf demonologist on level 3 of the Elven Halls)

   [ring of intelligence]

   It affects your intelligence (+2).
   It insulates you from electricity.
 E - the ring "Kueqac Kato" (right hand) {rN+ Str+3}
   (You found it on level 3 of the Crypt)

   [ring of positive energy]

   It affects your strength (+3).
   It protects you from negative energy.
 F - an uncursed ring of protection from cold
 X - a ring of protection from fire (left hand)
Magical devices
 b - a wand of disintegration (7)
 c - a wand of digging (14)
 u - a wand of heal wounds (8) {!d}
Scrolls
 g - 7 scrolls of fog
 h - 3 scrolls of magic mapping {!r}
 i - a scroll of summoning {!r}
 l - 21 scrolls of identify
 q - 5 scrolls of recharging
 r - 3 scrolls of silence {!r}
 K - 4 scrolls of fear {!r}
 O - 19 scrolls of remove curse
Potions
 m - 6 potions of cancellation {!q}
 n - 7 potions of agility {!q}
 w - 6 potions of heal wounds {!q}
 x - 5 potions of magic {!q}
 G - 8 potions of brilliance {!q}
 I - 21 potions of curing
 M - 2 potions of might {!q}
 P - 4 potions of resistance {!q}
Miscellaneous
 d - a box of beasts
 v - a sack of spiders
 A - a fan of gales
 H - a lamp of fire
 S - a box of beasts
 V - a legendary deck of defence {the Tomb}
Comestibles
 o - 25 meat rations {!e}
 z - 51 fruits
 J - a chunk of flesh
 T - a bread ration {!e}


   Skills:
 + Level 20.7 Fighting
 - Level 14.0 Staves
 - Level 1.0 Throwing
 - Level 22.0 Armour
 + Level 17.4 Dodging
 - Level 13.5 Stealth
 - Level 24.9 Shields
 - Level 14.1 Spellcasting
 - Level 9.1 Hexes
 - Level 9.5 Charms
 - Level 10.0 Necromancy
 - Level 11.6 Translocations
 - Level 10.3 Transmutations
 - Level 11.5 Air Magic
 - Level 14.0 Earth Magic
 - Level 2.0 Invocations
 - Level 15.0 Evocations


You had 26 spell levels left.
You knew the following spells:

 Your Spells              Type           Power        Failure   Level  Hunger
a - Lee's Rapid Deconstr  Erth           ######....   2%          5    ####...
b - Airstrike             Air            ######....   2%          4    #......
c - Passage of Golubria   Tloc           N/A          2%          4    #......
d - Stoneskin             Trmt/Erth      ######..     1%          2    None
e - Spectral Weapon       Hex/Chrm       #####...     1%          3    None
M - Repel Missiles        Chrm/Air       #####.       1%          2    None
R - Regeneration          Chrm/Necr      #####.....   1%          3    None
S - Swiftness             Chrm/Air       #####...     1%          2    None
W - Passwall              Trmt/Erth      ######....   1%          3    None


Dungeon Overview and Level Annotations

Branches:
Dungeon (15/15)            Temple (1/1) D:4            Lair (8/8) D:10
 Shoals (4/4) Lair:6       Spider (4/4) Lair:5        Slime (6/6) Lair:6
    Orc (4/4) D:11            Elf (3/3) Orc:3        Vaults (5/5) D:14
  Crypt (3/3) Vaults:2       Tomb (0/3) Crypt:3      Depths (5/5) D:15
    Zot (5/5) Depths:5

Altars:
Ashenzari
Cheibriados
Dithmenos
Elyvilon
Fedhas
Gozag
Kikubaaqudgha
Makhleb
Nemelex Xobeh
Okawaru
Qazlal
Ru
Sif Muna
Trog
Vehumet
Xom
Yredelemnul
Zin
The Shining One
Beogh
Jiyva

Shops:
D:6 %=   D:8 *   D:9 :   D:11 *   Orc:3 [   Orc:4 *([   Shoals:2 ?   Shoals:3 *
Vaults:2 [

Portals:
Hell: Depths:1 Depths:2 Depths:3 Depths:4 Depths:5
Abyss: Depths:3 Depths:4
Pandemonium: Depths:3 Depths:4
Ziggurat: Depths:2

Annotations:
Elf:2 3 runed doors


Innate Abilities, Weirdness & Mutations

You are under a permanent stasis effect.
You can dig through walls and to a lower floor.
Your four strong arms can wield two-handed weapons with a shield.
You have a pair of large antennae on your head (SInv).


Message History

There is an open door here.
A quokka comes into view.
You block the quokka's attack.
You slice the quokka!!
You kill the quokka!
You see here a quokka corpse.
You butcher the quokka corpse.
J - 5 chunks of flesh (gained 1) Some of the chunks of flesh in your inventory have rotted away.
(D) Dungeon (T) Temple (L) Lair (A) Shoals (N) Spider Nest (M) Slime Pits (O) Orcish Mines (E) Elven Halls (V) Vaults (C) Crypt (W) Tomb (U) Depths (H) Hell (Z) Zot
Where to? (* - list waypoints, Enter - D:1 @ (x,y), ? - help)
You sense a monster nearby.
An Orb Guardian comes into view.
There is an open door here.
Which direction?
You close the door.
An Orb Guardian opens the door.
Casting: Passwall
Confirm with . or Enter, or press ? or * to list all spells.
You draw out your weapon's spirit!
You block the Orb Guardian's attack.
You slash the Orb Guardian!
The Orb Guardian is lightly wounded.
You barely miss the Orb Guardian.
The Orb Guardian is lightly wounded.
Your spectral weapon hits the Orb Guardian!!
You block the Orb Guardian's attack.
You hit the Orb Guardian.
The Orb Guardian is heavily wounded.
Your spectral weapon hits the Orb Guardian!
The Orb Guardian hits you but does no damage.
You hit the Orb Guardian.
The Orb Guardian is severely wounded.
Your spectral weapon hits the Orb Guardian!
You strike the helpless Orb Guardian from a blind spot!
You slash the Orb Guardian!
The Orb Guardian is almost dead.
Your spectral weapon hits the Orb Guardian but does no damage.
You block the Orb Guardian's attack.
You closely miss the Orb Guardian.
The Orb Guardian is almost dead.
Your spectral weapon hits the Orb Guardian.
The Orb Guardian hits your spectral weapon but does no damage.
You strike the helpless Orb Guardian from a blind spot!
You slash the Orb Guardian!
You kill the Orb Guardian!
Okawaru accepts your kill.
There is a staircase leading out of the dungeon here.
You have escaped!

.########## #.......# #.#
.###...# #.####### #.#
......X# ##'# #####.####
####...# ##.######........#
#####.## ##.##≈##≈#####.##.#
#.....# ##.##≈.≈≈♣≈####.##.#
#....####..#≈.8.♣8♣≈##...#.#
........'..##....♣≈##......#
#....####......(@........#.###
#.#.## ##.##.P..P≈##........#
#.### ###≈P8PP8P≈#........#
#.# ##≈P≈≈P≈##.#......# #.#
##≈##≈###.##.....#
#.################# #........#
......##...##.##### ######.###
#.###.##..........# #.#
#.###..........##.# #.#


There were no monsters in sight!

Vanquished Creatures
  2 pandemonium lords
  4 orbs of fire
  11 ancient liches
  Sojobo (Depths:5)
  Saint Roka (Vaults:1)
  4 curse toes
  4 Killer Klowns
  7 caustic shrikes
  11 golden dragons
  Jory (Depths:5)
  the Enchantress (Depths:1)
  Xtahua (Vaults:2)
  A profane servitor (Crypt:3)
  3 bone dragons
  3 electric golems
  10 liches
  Jorgrun (Vaults:2)
  25 Orb Guardians
  A Hell Sentinel (Depths:3)
  15 tentacled monstrosities
  The ghost of Fusha the Executioner, a mighty DDBe of Trog (Vaults:2)
  3 quicksilver dragons
  2 deep elf blademasters (Elf:3)
  4 titans (Vaults:5)
  A deep elf master archer (Elf:3)
  A kraken (Shoals:1)
  An octopode crusher (Depths:2)
  3 tentacled starspawn (Abyss:1)
  Polyphemus (Shoals:4)
  14 acid blobs
  3 sphinxes
  7 ancient champions
  9 tengu reavers
  Kirke (Lair:6)
  9 shadow dragons
  13 storm dragons
  3 revenants
  6 azure jellies
  4 draconian monks
  Ilsuiw (Shoals:4)
  11 fire giants
  2 azure jellies (shapeshifter)
  10 deep elf sorcerers
  3 orc warlords
  8 ghost moths
  17 vault wardens
  17 frost giants
  6 emperor scorpions
  Louise (D:15)
  A draconian knight (Zot:5)
  4 draconian scorchers
  2 curse skulls
  2 reapers
  6 draconian zealots
  A balrug (Depths:4)
  5 spriggan defenders
  2 draconian shifters
  6 ghouls
  3 draconian annihilators
  A draconian caller (Zot:5)
  20 stone giants
  24 very ugly things
  19 ironheart preservers
  8 vampire knights
  11 deep elf demonologists
  7 green draconians
  7 purple draconians
  12 white draconians
  Azrael (Spider:1)
  5 black draconians
  5 mottled draconians
  11 red draconians
  14 deep elf annihilators
  3 salamander stormcallers
  A chaos champion (D:15)
  5 yellow draconians
  15 deep elf death magi
  11 ettins
  2 blizzard demons
  6 merfolk javelineers
  4 eidola
  30 vault guards
  17 yaktaur captains
  9 merfolk impalers
  3 death oozes
  5 deep elf high priests
  A spectral golden dragon (Crypt:3)
  Josephine (D:12)
  35 jiangshi
  9 fire dragons
  3 rakshasas
  10 entropy weavers
  12 death cobs
  Harold (Orc:2)
  18 ogre magi
  8 hydras
  18 ice dragons
  4 hell beasts
  5 death knights
  5 spriggan air magi
  2 merfolk avatars (Shoals:1)
  22 great orbs of eyes
  Erolcha (D:11)
  12 centaur warriors
  2 dancing weapons (Elf:2)
  2 alligator snapping turtles (Shoals:3)
  11 merfolk aquamancers
  11 vampire magi
  2 catoblepae
  10 death yaks
  5 deep troll shamans
  6 tengu warriors
  4 deep troll earth magi
  4 satyrs (Shoals:4)
  2 hell hogs (Abyss:1)
  An orc high priest (Orc:4)
  3 spriggan berserkers
  Urug (Orc:1)
  2 sun demons
  23 deep elf knights
  2 iron trolls (Depths:2)
  14 hell knights
  3 soul eaters
  A wretched star (Abyss:1)
  41 skeletal warriors
  A shadow wraith (Vaults:4)
  A ghost moth zombie (Zot:3)
  A storm dragon skeleton (Depths:1)
  A fire crab (Vaults:4)
  2 unseen horrors
  2 shadow demons (Depths:4)
  A giant orange brain (shapeshifter) (Vaults:4)
  13 sea snakes
  An ice devil (Depths:5)
  5 giant orange brains
  An unseen horror (shapeshifter) (Depths:3)
  6 phantasmal warriors
  10 deep elf summoners
  10 necromancers
  20 deep trolls
  An obsidian statue (Depths:1)
  37 harpies
  A hill giant (shapeshifter) (Depths:4)
  15 ironbrand convokers
  2 lindwurms (Lair:8)
  9 hill giants
  A wolf spider zombie (D:13)
  7 flayed ghosts
  16 orb spiders
  19 orc knights
  10 orc sorcerers
  29 wolf spiders
  7 hornets
  26 deep elf conjurers
  A hornet (shapeshifter) (D:15)
  A shadow dragon skeleton (Crypt:3)
  A spectral fire dragon (Crypt:3)
  5 oklob plants (Lair:5)
  2 shining eyes
  An orb spider (shapeshifter) (Depths:3)
  A tengu skeleton (Depths:1)
  11 cyclopes
  2 draconian zombies
  11 fauns
  5 wizards
  4 water nymphs
  56 ugly things
  A frost giant skeleton (Depths:1)
  A black mamba (shapeshifter) (Elf:1)
  17 elephants
  8 black mambas
  15 griffons
  10 manticores
  A worldbinder (Abyss:1)
  9 sirens
  5 octopodes (shapeshifter)
  2 spiny frogs (shapeshifter)
  A rust devil (Depths:3)
  21 moths of wrath
  12 vault sentinels
  An eye of devastation (Slime:6)
  3 sixfirhies
  2 torpor snails (Lair:7)
  2 smoke demons (Abyss:1)
  4 centaur skeletons
  A shock serpent skeleton (Crypt:2)
  2 orange demons
  2 gargoyles
  A redback zombie (D:14)
  9 komodo dragons
  7 spiny frogs
  An elf skeleton (Depths:1)
  55 yaktaurs
  An alligator snapping turtle skeleton (Crypt:2)
  A mottled draconian zombie (Zot:5)
  9 demonic crawlers
  A fire drake (Lair:8)
  A green draconian zombie (Zot:5)
  A jumping spider (shapeshifter) (Vaults:2)
  5 kobold demonologists
  A death yak skeleton (Crypt:1)
  23 deep elf priests
  2 komodo dragons (shapeshifter)
  15 freezing wraiths
  2 yaktaur skeletons
  A white draconian skeleton (Zot:3)
  2 guardian mummies (Depths:4)
  8 trolls
  A merfolk (shapeshifter) (Vaults:5)
  25 merfolk
  3 polar bears
  A blue devil (Depths:5)
  A wandering mushroom (Lair:7)
  4 tengu conjurers
  Grinder (Sewer)
  12 blink frogs
  34 jumping spiders
  A minotaur skeleton (Crypt:2)
  33 two-headed ogres
  A fire dragon zombie (Depths:1)
  A two-headed ogre (shapeshifter) (Depths:3)
  3 wind drakes
  A bog body (Crypt:2)
  12 snapping turtles
  A jumping spider zombie (Crypt:2)
  9 boulder beetles
  An ettin zombie (Vaults:2)
  A boulder beetle (shapeshifter) (Depths:3)
  A trapdoor spider (shapeshifter) (Depths:3)
  134 slime creatures
  6 spriggans
  A yak (shapeshifter) (Depths:3)
  14 humans (D:14)
  Sigmund (D:5)
  7 shadows
  19 water elementals
  69 flying skulls
  A redback (shapeshifter) (Vaults:4)
  82 redbacks
  17 trapdoor spiders
  56 yaks
  2 ynoxinuls
  3 air elementals (Depths:4)
  2 fire dragon skeletons
  3 vampires (Depths:4)
  An ice dragon skeleton (Crypt:1)
  4 tarantellas (shapeshifter)
  47 wolves
  15 wraiths
  42 tarantellas
  36 deep elf magi
  A fire bat (shapeshifter) (Vaults:1)
  3 fire elementals (Spider:1)
  A spriggan simulacrum (Depths:3)
  The ghost of pulse the Chopper, an average FoBe of Trog (Sewer)
  3 basilisks
  2 neqoxecs
  4 wyverns
  14 hippogriffs
  39 deep elf fighters
  2 hogs (Lair:5)
  2 mottled dragons
  18 water moccasins
  18 vampire mosquitoes
  4 golden eyes (Slime:5)
  6 small abominations (Abyss:1)
  5 hungry ghosts
  A steam dragon (D:7)
  A chaos spawn (Zot:4)
  A yaktaur simulacrum (Depths:1)
  6 wargs
  15 porcupines
  A putrid demonspawn skeleton (Crypt:1)
  3 soldier ants
  7 hell hounds
  A wasp (shapeshifter) (Depths:3)
  An ice dragon simulacrum (Crypt:3)
  3 sky beasts
  35 spiders
  27 centaurs
  2 elf zombies
  5 necrophages
  A spider (shapeshifter) (Elf:1)
  A black bear (shapeshifter) (Vaults:5)
  8 human zombies
  8 boggarts
  5 ice beasts
  4 human skeletons
  59 orc warriors
  An eye of draining (shapeshifter) (Vaults:5)
  72 ogres
  5 black bears
  An anubis guard skeleton (Crypt:1)
  16 crocodiles
  8 eyes of draining
  6 phantoms
  5 wasps
  7 big kobolds
  8 large abominations
  Blork the orc (Orc:4)
  A brain worm (shapeshifter) (D:15)
  A dryad skeleton (Crypt:2)
  31 giant frogs
  2 water moccasin skeletons
  A scorpion (D:10)
  2 troll zombies (D:11)
  10 killer bees
  14 wights
  3 electric eels
  4 giant frog zombies
  11 hounds
  8 crimson imps
  25 jellies
  39 orc priests
  50 orc wizards
  2 centaur zombies
  Crazy Yiuf (D:2)
  Ijyb (D:2)
  6 giant frog skeletons
  9 iguanas
  3 quasits
  6 worker ants
  56 sheep
  7 ogre zombies
  6 big kobold zombies
  2 hound skeletons
  A hound zombie (D:6)
  3 mummies
  2 worker ant zombies (D:11)
  10 gnolls
  26 adders
  114 river rats
  A steam dragon zombie (Crypt:2)
  A swamp drake zombie (Crypt:1)
  8 shadow imps
  A white imp (Depths:2)
  5 ufetubi
  2 adder skeletons
  A sheep skeleton (Crypt:1)
  A worm (D:5)
  6 giant geckos
  213 orcs
  2 ball pythons (D:1)
  16 bats
  A bat skeleton (D:6)
  A bat zombie (D:8)
  6 giant cockroaches
  11 goblins
  21 hobgoblins
  4 jackals (D:7)
  A giant gecko skeleton (D:4)
  5 giant newts
  A giant newt skeleton (Crypt:2)
  3 goblin zombies (D:11)
  3 hobgoblin zombies (D:11)
  A jackal zombie (Crypt:1)
  47 kobolds
  A kobold zombie (Sewer)
  2 orc skeletons (D:11)
  19 orc zombies
  7 quokkas
  A quokka zombie (Crypt:1)
  21 rats
  A crawling corpse (Elf:1)
  A fire vortex (Vaults:5)
  2 fungi
  3 plants
  A starspawn tentacle (Abyss:1)
  5 tentacles (Shoals:1)
3536 creatures vanquished.

Vanquished Creatures (collateral kills)
  the royal jelly (Slime:6)
  A caustic shrike (Depths:5)
  A deep elf annihilator (Depths:5)
  A death ooze (Slime:6)
  A slime creature (Slime:6)
5 creatures vanquished.

Vanquished Creatures (others)
  3 deep elf master archers (Elf:3)
  An eldritch tentacle (Crypt:3)
  A tengu reaver (Vaults:2)
  A fire giant (Depths:3)
  2 draconian scorchers (Zot:5)
  A draconian knight (Zot:3)
  A stone giant (Depths:5)
  A vault guard (Vaults:5)
  A death cob (Zot:3)
  An ogre mage (Vaults:4)
  A necromancer (Spider:3)
  A moth of wrath (Zot:5)
  A red draconian zombie (Zot:5)
  8 yaktaurs
  A jumping spider (Spider:1)
  A redback (Spider:1)
  A deep elf mage (Elf:2)
  A human (D:14)
  A deep elf fighter (Elf:2)
  An orc warrior (Depths:4)
  2 ogres
  A centaur (D:14)
  A giant frog (Lair:6)
  A gnoll (Orc:2)
  5 orcs
  A crawling corpse (Elf:1)
  96 eldritch tentacle segments (Crypt:3)
  17 fungi
  6 lost souls
  12 plants
  23 spectral weapons
  21 starspawn tentacles (Abyss:1)
  142 starspawn tentacle segments (Abyss:1)
  13 tentacles (Shoals:1)
  214 tentacle segments (Shoals:1)
  4 toadstools (D:1)
589 creatures vanquished.

Grand Total: 4130 creatures vanquished

Notes
Turn   | Place    | Note
--------------------------------------------------------------
     0 | D:1      | Gorice the Formicid Wanderer began the quest for the Orb.
     0 | D:1      | Gorice set off with: a +2 quarterstaff, a potion of lignification {!q}, 15 poisoned needles, a +0 blowgun, a +0 robe, a bread ration {!e}
     0 | D:1      | Reached XP level 1. HP: 18/18 MP: 1/1
   160 | D:1      | Reached XP level 2. HP: 22/24 MP: 2/2
   367 | D:1      | You fall through a shaft!
   375 | D:2      | Reached XP level 3. HP: 13/30 MP: 3/3
   975 | D:1      | Reached skill level 4 in Fighting
  1189 | D:2      | Reached skill level 4 in Staves
  1189 | D:2      | Reached XP level 4. HP: 32/37 MP: 4/4
  1309 | D:2      | Noticed Ijyb
  1325 | D:2      | Killed Ijyb
  1542 | D:2      | Noticed Crazy Yiuf
  1563 | D:2      | Killed Crazy Yiuf
  1563 | D:2      | Reached XP level 5. HP: 43/43 MP: 5/5
  2141 | D:2      | Reached skill level 5 in Staves
  2198 | D:3      | Found a basalt altar of Yredelemnul.
  2365 | D:3      | Reached XP level 6. HP: 40/50 MP: 6/6
  2559 | D:3      | Reached skill level 5 in Fighting
  3181 | D:4      | Found a staircase to the Ecumenical Temple.
  3227 | D:4      | Reached skill level 6 in Staves
  3238 | D:4      | HP: 12/51 [ogre/giant spiked club (26)]
  3255 | D:4      | Reached XP level 7. HP: 16/56 MP: 7/7
  3501 | D:4      | Found a glowing drain.
  3513 | Sewer    | Entered a sewer
  3558 | Sewer    | Noticed pulse's ghost (average FoBe)
  3575 | Sewer    | HP: 13/57 [pulse's ghost (7)]
  3577 | Sewer    | HP: 5/57 [pulse's ghost (8)]
  3584 | Sewer    | Killed pulse's ghost
  3584 | Sewer    | Reached skill level 6 in Fighting
  3584 | Sewer    | Reached skill level 7 in Staves
  3953 | Sewer    | Found a burning altar of Makhleb.
  3958 | Sewer    | Reached XP level 8. HP: 61/65 MP: 8/8
  4072 | Sewer    | Noticed Grinder
  4091 | Sewer    | Killed Grinder
  4091 | Sewer    | Reached skill level 8 in Staves
  4147 | Sewer    | Noticed an apprentice kobold demonologist
  4165 | Sewer    | Killed an apprentice kobold demonologist
  4165 | Sewer    | Reached skill level 2 in Armour
  4345 | D:4      | Found an ancient bone altar of Kikubaaqudgha.
  4394 | D:4      | Reached skill level 9 in Staves
  4394 | D:4      | Reached XP level 9. HP: 63/71 MP: 9/9
  4429 | Temple   | Entered the Ecumenical Temple
  4551 | Temple   | Became a worshipper of Warmaster Okawaru
  4743 | D:5      | Entered Level 5 of the Dungeon
  4822 | D:5      | Reached skill level 3 in Armour
  4854 | D:5      | Noticed Sigmund
  4891 | D:5      | Killed Sigmund
  5135 | D:5      | Reached skill level 10 in Staves
  5135 | D:5      | Reached skill level 4 in Armour
  5384 | D:5      | Acquired Okawaru's first power
  5514 | D:5      | Found a glowing golden altar of the Shining One.
  5940 | D:6      | Found Ufefylip's Food Emporium.
  6071 | D:6      | Found a sparkling altar of Nemelex Xobeh.
  6305 | D:6      | Reached skill level 5 in Armour
  6491 | D:6      | Found Fezuw's Jewellery Boutique.
  6701 | D:7      | Reached XP level 10. HP: 39/77 MP: 10/10
  6708 | D:7      | Reached skill level 11 in Staves
  7287 | D:7      | Reached skill level 6 in Armour
  7685 | D:8      | Found Xasmaek's Assorted Antiques.
  7740 | D:8      | Reached skill level 12 in Staves
  8324 | D:8      | Reached skill level 7 in Armour
  9131 | D:9      | HP: 20/77 [killer bee (7)]
  9136 | D:9      | HP: 22/77 [killer bee (2)]
  9666 | D:9      | Found Bulaas's Book Emporium.
 10050 | D:9      | Reached XP level 11. HP: 83/83 MP: 11/11
 10169 | D:10     | Entered Level 10 of the Dungeon
 10329 | D:10     | Reached skill level 8 in Armour
 10413 | D:10     | Noticed a hill giant
 10429 | D:10     | Killed a hill giant
 10429 | D:10     | Reached skill level 13 in Staves
 10461 | D:10     | Noticed a hill giant
 10608 | D:10     | Killed a hill giant
 10608 | D:10     | Acquired Okawaru's second power
 10910 | D:10     | Found a staircase to the Lair.
 10933 | D:10     | Reached skill level 9 in Armour
 11049 | D:10     | Got a smoking chain mail
 11338 | D:10     | Identified the +14 chain mail "Kagexie" {MR- Str+8 Stlth-} (You found it on level 10 of the Dungeon)
 11339 | Lair:1   | Entered Level 1 of the Lair of Beasts
 11370 | Lair:1   | Received a gift from Okawaru
 11680 | Lair:1   | HP: 19/83 [blink frog (11)]
 11744 | Lair:1   | Reached skill level 14 in Staves
 11991 | Lair:1   | Reached skill level 10 in Armour
 12099 | Lair:1   | Reached skill level 1 in Shields
 12099 | Lair:1   | Reached skill level 1 in Invocations
 12261 | Lair:1   | Reached skill level 2 in Shields
 12564 | Lair:2   | Reached skill level 2 in Invocations
 12611 | Lair:2   | Reached XP level 12. HP: 89/89 MP: 13/13
 12613 | Lair:2   | Reached skill level 7 in Fighting
 12808 | Lair:2   | Reached skill level 3 in Shields
 12882 | Lair:2   | Received a gift from Okawaru
 13236 | Lair:2   | Reached skill level 4 in Shields
 13599 | Lair:2   | Received a gift from Okawaru
 14020 | Lair:2   | Reached skill level 8 in Fighting
 14154 | Lair:3   | Reached skill level 5 in Shields
 14543 | Lair:3   | Reached skill level 6 in Shields
 14751 | Lair:3   | Received a gift from Okawaru
 14751 | Lair:3   | Reached skill level 9 in Fighting
 15318 | Lair:4   | Received a gift from Okawaru
 15318 | Lair:4   | Reached skill level 11 in Armour
 15592 | Lair:4   | Reached skill level 10 in Fighting
 15746 | Lair:4   | Reached XP level 13. HP: 58/104 MP: 14/14
 16016 | Lair:4   | Noticed a seven-headed hydra
 16023 | Lair:4   | Killed a seven-headed hydra
 16023 | Lair:4   | Reached skill level 11 in Fighting
 16023 | Lair:4   | Reached skill level 12 in Armour
 16350 | Lair:4   | Gained mutation: Your spells are a little harder to cast, but a little more powerful. [potion of beneficial mutation]
 16966 | Lair:5   | Got a warped dagger
 16980 | Lair:5   | Received a gift from Okawaru
 17500 | Lair:5   | Found a hole to the Spider Nest.
 17517 | Lair:5   | Reached skill level 12 in Fighting
 17835 | Lair:5   | Reached skill level 13 in Armour
 17857 | Lair:5   | Received a gift from Okawaru
 17956 | Lair:4   | Identified the +6 dagger "ETAOIN SHRDLU" {drain, rC+ Dex+3} (You found it on level 5 of the Lair of Beasts)
 18020 | Lair:4   | Identified a scroll of acquirement
 18494 | Lair:6   | Noticed Kirke
 18736 | Lair:6   | Killed Kirke
 18787 | Lair:6   | Found a staircase to the Shoals.
 18991 | Lair:6   | Reached XP level 14. HP: 114/116 MP: 15/15
 19375 | Lair:6   | Received a gift from Okawaru
 19375 | Lair:6   | Reached skill level 13 in Fighting
 19398 | Lair:6   | Found a viscous altar of Jiyva.
 19398 | Lair:6   | Found a staircase to the Slime Pits.
 19859 | Lair:7   | Reached skill level 14 in Armour
 20716 | Lair:7   | Received a gift from Okawaru
 21109 | Lair:8   | Entered Level 8 of the Lair of Beasts
 21123 | Lair:7   | Reached skill level 14 in Fighting
 21537 | Lair:8   | Received a gift from Okawaru
 21634 | Lair:8   | Reached skill level 15 in Armour
 22341 | Lair:8   | Reached skill level 15 in Fighting
 22361 | Lair:8   | Reached skill level 2 in Dodging
 22478 | Lair:8   | Received a gift from Okawaru
 22478 | Lair:8   | Reached skill level 3 in Dodging
 22478 | Lair:8   | Reached XP level 15. HP: 112/129 MP: 16/16
 22543 | Lair:8   | Reached skill level 4 in Dodging
 22786 | Lair:8   | Reached skill level 5 in Dodging
 23393 | D:11     | Noticed Erolcha
 23403 | D:11     | Killed Erolcha
 23424 | D:11     | Found Luilusem's Assorted Antiques.
 23492 | D:11     | Reached skill level 6 in Dodging
 23538 | D:11     | Found a staircase to the Orcish Mines.
 23761 | D:11     | Received a gift from Okawaru
 23863 | D:11     | Bought a scroll of identify for 36 gold pieces
 23863 | D:11     | Bought a clear potion for 16 gold pieces
 23863 | D:11     | Bought a scroll labeled COUS PYRATRUMN for 18 gold pieces
 24109 | D:11     | Found a shadowy altar of Dithmenos.
 24418 | Orc:1    | Entered Level 1 of the Orcish Mines
 24681 | Orc:1    | Noticed Urug
 24697 | Orc:1    | Killed Urug
 25317 | Orc:2    | Noticed Harold
 25335 | Orc:2    | Killed Harold
 25335 | Orc:2    | Reached skill level 7 in Dodging
 25881 | Orc:3    | Noticed an orc warlord
 25907 | Orc:3    | Killed an orc warlord
 26420 | Orc:3    | Found Woyfyp's Antique Armour Boutique.
 26445 | Orc:3    | Found a staircase to the Elven Halls.
 26634 | Orc:3    | Reached skill level 8 in Dodging
 26937 | Orc:4    | Entered Level 4 of the Orcish Mines
 27006 | Orc:4    | Received a gift from Okawaru
 27476 | Orc:4    | Received a gift from Okawaru
 27533 | Orc:4    | Noticed Blork the orc
 27560 | Orc:4    | Killed Blork the orc
 27616 | Orc:4    | Noticed an orc warlord
 27640 | Orc:4    | Killed an orc warlord
 27640 | Orc:4    | Reached skill level 9 in Dodging
 27823 | Orc:4    | Found a roughly hewn altar of Beogh.
 28104 | Orc:4    | Found Iheg's Antique Weapon Shop.
 28109 | Orc:4    | Found Hurev's Antique Armour Shop.
 28119 | Orc:4    | Found Ajuoje's Jewellery Shop.
 28127 | Orc:4    | Found Ofuxt's General Store.
 28135 | Orc:4    | Bought a scroll of identify for 24 gold pieces
 28135 | Orc:4    | Bought a scroll of identify for 24 gold pieces
 28135 | Orc:4    | Bought a scroll of fear for 42 gold pieces
 28797 | D:12     | Noticed Josephine
 28806 | D:12     | Killed Josephine
 28806 | D:12     | Received a gift from Okawaru
 28990 | D:12     | Reached skill level 10 in Dodging
 29666 | D:13     | Reached XP level 16. HP: 136/136 MP: 17/17
 30052 | D:13     | Reached skill level 11 in Dodging
 31316 | D:14     | Reached skill level 12 in Dodging
 31321 | D:14     | Received a gift from Okawaru
 31930 | D:14     | Received a gift from Okawaru
 32091 | D:14     | Found a gate to the Vaults.
 32123 | D:14     | Reached skill level 13 in Dodging
 32499 | D:15     | Entered Level 15 of the Dungeon
 32639 | D:15     | Noticed Louise
 32691 | D:15     | Cast into the Abyss (Louise)
 32972 | Abyss:1  | Found a burning altar of Makhleb.
 33141 | Abyss:1  | Reached skill level 1 in Stealth
 33320 | Abyss:1  | Noticed a tentacled starspawn
 33348 | Abyss:1  | Killed a tentacled starspawn
 33348 | Abyss:1  | Reached skill level 3 in Stealth
 33455 | Abyss:1  | Noticed a tentacled starspawn
 33479 | Abyss:1  | Killed a tentacled starspawn
 33479 | Abyss:1  | Reached skill level 4 in Stealth
 33479 | Abyss:1  | Reached XP level 17. HP: 142/142 MP: 18/18
 33495 | Abyss:1  | Reached skill level 5 in Stealth
 33523 | Abyss:1  | Gained mutation: Armour fits poorly on your strangely shaped body. [a neqoxec]
 33527 | Abyss:1  | Gained mutation: You occasionally shout uncontrollably at your foes. [a neqoxec]
 33554 | Abyss:1  | Noticed a tentacled starspawn
 33556 | Abyss:1  | Killed a tentacled starspawn
 33556 | Abyss:1  | Reached skill level 6 in Stealth
 33587 | Abyss:1  | Noticed a tentacled starspawn
 33598 | Abyss:1  | HP: 40/142 [smoke demon/divine providence (12)]
 33617 | Abyss:1  | Noticed a tentacled starspawn
 33712 | Abyss:1  | Reached skill level 7 in Stealth
 33938 | D:15     | Escaped the Abyss
 33962 | D:15     | Killed Louise
 33962 | D:15     | Reached skill level 8 in Stealth
 34436 | D:15     | Reached skill level 14 in Dodging
 34447 | D:15     | Found a staircase to the Depths.
 35063 | D:13     | Received a gift from Okawaru
 35419 | Lair:1   | Lost mutation: Your spells are a little harder to cast, but a little more powerful. [potion of cure mutation]
 35419 | Lair:1   | Lost mutation: Armour fits poorly on your strangely shaped body. [potion of cure mutation]
 35419 | Lair:1   | Lost mutation: You occasionally shout uncontrollably at your foes. [potion of cure mutation]
 35542 | Orc:4    | Bought a shiny shield for 121 gold pieces
 35835 | Spider:1 | Entered Level 1 of the Spider Nest
 36030 | Spider:1 | Received a gift from Okawaru
 36410 | Spider:1 | Noticed Azrael
 36426 | Spider:1 | Killed Azrael
 36639 | Spider:1 | HP: 37/142 [redback (6)]
 37043 | Spider:1 | Reached skill level 15 in Dodging
 37528 | Spider:2 | Reached skill level 7 in Shields
 37643 | Spider:2 | Reached skill level 8 in Shields
 37798 | Spider:2 | Reached skill level 9 in Shields
 37998 | Spider:2 | Reached XP level 18. HP: 136/149 MP: 5/19
 38008 | Spider:2 | Received a gift from Okawaru
 38009 | Spider:2 | Got a dazzling plate armour {god gift}
 38083 | Spider:2 | Reached skill level 10 in Shields
 38560 | Lair:5   | Identified the +10 plate armour "Xeheij" {Dex+5 Slay+3} (Okawaru gifted it to you on level 2 of the Spider Nest)
 38602 | Lair:5   | Upgraded the game from 0.17-a0-1481-gfdcec5c to 0.17-a0-1485-g22cb0ee
 38859 | Spider:3 | Reached skill level 11 in Shields
 39817 | Spider:3 | Reached skill level 12 in Shields
 39855 | Spider:4 | Entered Level 4 of the Spider Nest
 40168 | Spider:4 | Received a gift from Okawaru
 40169 | Spider:4 | Got a pair of bloodstained gloves {god gift}
 40189 | Spider:4 | Identified the +2 pair of gloves of Dimiheyno {rPois} (Okawaru gifted it to you on level 4 of the Spider Nest)
 40332 | Spider:4 | Reached skill level 13 in Shields
 40936 | Spider:4 | Got a bloodstained halberd
 40937 | Spider:4 | Identified the +4 halberd of Declioki {chop, rPois MR+} (You found it on level 4 of the Spider Nest)
 41007 | Spider:4 | Reached skill level 14 in Shields
 41777 | Spider:4 | Reached skill level 15 in Shields
 41830 | Spider:4 | Received a gift from Okawaru
 42005 | Spider:4 | Got a gossamer rune of Zot
 42536 | Shoals:1 | Entered Level 1 of the Shoals
 42572 | Shoals:1 | HP: 36/149 [drowned by a drowned soul[a merfolk avatar] (13)]
 42577 | Shoals:1 | Reached XP level 19. HP: 39/155 MP: 20/20
 43208 | Shoals:1 | Reached skill level 16 in Armour
 43283 | Shoals:1 | Received a gift from Okawaru
 43396 | Shoals:1 | Identified a +1 rod of clouds (14/14) (You found it on level 1 of the Shoals)
 44374 | Shoals:1 | Received a gift from Okawaru
 44642 | Shoals:2 | Found Uffankof's Magic Scroll Emporium.
 44653 | Shoals:2 | Reached skill level 17 in Armour
 44665 | Shoals:2 | Received a gift from Okawaru
 44744 | Shoals:2 | Bought a scroll of silence for 97 gold pieces
 45750 | Shoals:3 | Found Fnixum's Fabulous Fripperies.
 45948 | Shoals:3 | Reached skill level 18 in Armour
 46226 | Shoals:3 | Received a gift from Okawaru
 46917 | Shoals:4 | Entered Level 4 of the Shoals
 46917 | Shoals:4 | Noticed Ilsuiw
 47567 | Shoals:4 | Noticed Polyphemus
 47597 | Shoals:3 | Reached XP level 20. HP: 162/162 MP: 21/21
 47958 | Shoals:4 | Killed Polyphemus
 47958 | Shoals:4 | Reached skill level 19 in Armour
 47994 | Shoals:4 | Killed Ilsuiw
 48008 | Shoals:4 | Received a gift from Okawaru
 48997 | Shoals:4 | Received a gift from Okawaru
 49131 | Shoals:4 | HP: 48/162 [poisoned by a merfolk impaler]
 49136 | Shoals:4 | HP: 31/162 [merfolk aquamancer/great wave of water (16)]
 49142 | Shoals:3 | HP: 29/162 [poisoned by a merfolk impaler]
 49148 | Shoals:3 | HP: 29/162 [poisoned by a merfolk impaler]
 49156 | Shoals:3 | HP: 30/162 [poisoned by a merfolk impaler]
 49637 | Shoals:3 | Reached skill level 20 in Armour
 49992 | Shoals:4 | Got a barnacled rune of Zot
 50414 | Lair:1   | Learned a level 2 spell: Swiftness
 50418 | Lair:1   | Learned a level 3 spell: Passwall
 50550 | Vaults:1 | Entered Level 1 of the Vaults
 50931 | Vaults:1 | Received a gift from Okawaru
 51155 | Vaults:1 | Reached skill level 1 in Charms
 51159 | Vaults:1 | Reached skill level 1 in Spellcasting
 51210 | Vaults:1 | Reached skill level 1 in Air Magic
 51395 | Vaults:1 | Noticed Saint Roka
 51432 | Vaults:1 | Reached skill level 2 in Charms
 51480 | Vaults:1 | Killed Saint Roka
 51480 | Vaults:1 | Reached skill level 2 in Spellcasting
 51480 | Vaults:1 | Reached skill level 2 in Air Magic
 51834 | Vaults:1 | Reached skill level 3 in Charms
 52657 | Vaults:1 | HP: 47/162 [deep troll[an ironheart preserver] (23)]
 52680 | Vaults:1 | HP: 36/162 [yaktaur captain/bolt (18)]
 52682 | Vaults:1 | Reached skill level 3 in Air Magic
 52694 | Vaults:1 | HP: 34/162 [hill giant/giant club (5)]
 52699 | Vaults:1 | Reached skill level 3 in Spellcasting
 52706 | Vaults:1 | HP: 17/162 [yaktaur captain (20)]
 52709 | Vaults:1 | Received a gift from Okawaru
 53194 | Vaults:2 | Reached XP level 21. HP: 168/168 MP: 25/25
 53263 | Vaults:2 | Reached skill level 4 in Charms
 53395 | Vaults:2 | Noticed Jorgrun
 53406 | Vaults:2 | Killed Jorgrun
 53406 | Vaults:2 | Received a gift from Okawaru
 53523 | Vaults:2 | Reached skill level 4 in Air Magic
 53625 | Vaults:2 | Reached skill level 4 in Spellcasting
 53625 | Vaults:2 | Reached skill level 5 in Charms
 53702 | Vaults:2 | Found a staircase to the Crypt.
 53702 | Vaults:2 | Found a basalt altar of Yredelemnul.
 53703 | Vaults:2 | Found an ancient bone altar of Kikubaaqudgha.
 53810 | Vaults:2 | Received a gift from Okawaru
 54373 | Vaults:2 | Reached skill level 6 in Charms
 54581 | Vaults:2 | Reached skill level 5 in Air Magic
 54596 | Vaults:2 | Reached skill level 5 in Spellcasting
 54720 | Vaults:2 | Found Teoh's Antique Armour Boutique.
 54725 | Vaults:2 | Noticed Fusha's ghost (mighty DDBe)
 54797 | Vaults:2 | Killed Fusha's ghost
 54915 | Vaults:2 | HP: 48/168 [ice dragon/blast of cold (9)]
 55155 | Vaults:2 | Noticed Xtahua
 55889 | Vaults:2 | Reached skill level 7 in Charms
 56040 | Vaults:2 | Reached skill level 6 in Air Magic
 56236 | Vaults:2 | Killed Xtahua
 56236 | Vaults:2 | Reached skill level 6 in Spellcasting
 56372 | Vaults:3 | Received a gift from Okawaru
 56723 | Vaults:3 | Reached skill level 8 in Charms
 57107 | Vaults:3 | Reached skill level 7 in Air Magic
 57107 | Vaults:3 | Reached XP level 22. HP: 173/175 MP: 31/31
 57897 | Vaults:3 | Reached skill level 9 in Charms
 58082 | Vaults:3 | Reached skill level 7 in Spellcasting
 58449 | Vaults:3 | Received a gift from Okawaru
 58481 | Vaults:3 | Reached skill level 8 in Air Magic
 58531 | Vaults:3 | Reached skill level 1 in Earth Magic
 58582 | Vaults:3 | Reached skill level 1 in Transmutations
 58852 | Vaults:4 | Reached skill level 2 in Earth Magic
 59047 | Vaults:4 | Reached skill level 2 in Transmutations
 59333 | Vaults:4 | Reached skill level 3 in Earth Magic
 59418 | Vaults:4 | Reached skill level 3 in Transmutations
 59608 | Vaults:4 | Received a gift from Okawaru
 59638 | Vaults:4 | Reached skill level 4 in Earth Magic
 59721 | Vaults:4 | Reached skill level 4 in Transmutations
 60055 | Vaults:4 | Reached skill level 5 in Earth Magic
 60128 | Vaults:4 | Reached skill level 5 in Transmutations
 60427 | Vaults:4 | Reached skill level 6 in Earth Magic
 60493 | Vaults:4 | Reached skill level 8 in Spellcasting
 60503 | Vaults:4 | Received a gift from Okawaru
 60524 | Vaults:4 | Reached skill level 6 in Transmutations
 60568 | Vaults:4 | Got a crystal quarterstaff {god gift}
 60569 | Vaults:4 | Identified the +7 quarterstaff of the Last Beggars {crush, rN+ Dex+6} (Okawaru gifted it to you on level 4 of the Vaults)
 60869 | Vaults:4 | HP: 47/175 [vault warden/great mace (19)]
 61225 | Vaults:4 | Reached skill level 7 in Earth Magic
 61267 | Vaults:3 | Reached XP level 23. HP: 181/181 MP: 35/35
 61388 | Vaults:3 | Reached skill level 7 in Transmutations
 61602 | Vaults:4 | Received a gift from Okawaru
 62494 | D:6      | Bought the amulet of the Frog {rMut rF+ rN+} for 873 gold pieces
 62494 | D:6      | Bought the amulet "Wufiycod" {rCorr rC+ rN+ Str+4 Int-4} for 573 gold pieces
 62998 | Elf:1    | Entered Level 1 of the Elven Halls
 63388 | Elf:1    | Reached skill level 8 in Earth Magic
 63568 | Elf:1    | Identified Meil's Disquisition on Fetching Attacks
 63627 | Elf:1    | Reached skill level 8 in Transmutations
 64486 | Elf:2    | Received a gift from Okawaru
 64486 | Elf:2    | Reached skill level 9 in Spellcasting
 64599 | Elf:2    | Reached skill level 9 in Transmutations
 64662 | Elf:2    | Reached skill level 9 in Earth Magic
 64738 | Elf:2    | Found a runed gate.
 64739 | Elf:2    | Found a runed gate.
 64740 | Elf:2    | Found a runed gate.
 65546 | Lair:1   | Upgraded the game from 0.17-a0-1485-g22cb0ee to 0.17-a0-1497-g03599f7
 65684 | Depths:1 | Entered Level 1 of the Depths
 66183 | D:15     | Reached skill level 10 in Earth Magic
 66385 | D:15     | Reached skill level 10 in Transmutations
 67298 | Depths:1 | Reached skill level 10 in Spellcasting
 67377 | Depths:1 | Noticed the Enchantress
 67409 | Depths:1 | HP: 39/181 [spriggan air mage/the air[the Enchantress] (26)]
 67464 | Depths:1 | HP: 44/181 [spriggan defender/demon whip of electrocution[the Enchantress] (15)]
 68004 | Depths:1 | Reached skill level 16 in Shields
 68178 | Depths:1 | Received a gift from Okawaru
 68178 | Depths:1 | Reached XP level 24. HP: 188/188 MP: 37/37
 68371 | Depths:1 | Killed the Enchantress
 68373 | Depths:1 | Got a faerie dragon armour
 68374 | Depths:1 | Identified the +4 faerie dragon armour {MR+ Str+2 Int-2 SInv} (You took it off the Enchantress on level 1 of the Depths)
 68585 | Depths:1 | Received a gift from Okawaru
 68616 | Depths:1 | Got an ancient glaive
 68681 | Depths:1 | You fall through a shaft!
 68888 | Depths:2 | Found a gateway to Hell.
 68947 | Depths:2 | Reached skill level 17 in Shields
 69046 | Depths:2 | Received a gift from Okawaru
 69104 | Depths:2 | Identified the +7 glaive "Uloif" {chop, rElec Int+3 Dex-2} (You took it off a deep elf annihilator on level 1 of the Depths)
 69625 | Depths:1 | Got a smoking cloak
 69626 | Depths:1 | Identified the +0 cloak of the Evening {rCorr Slay+3 Stlth+} (You found it on level 1 of the Depths)
 69787 | Depths:1 | Reached skill level 18 in Shields
 70614 | Depths:1 | Reached skill level 19 in Shields
 71244 | Depths:2 | HP: 50/188 [elephant[a spriggan berserker] (20)]
 71826 | Depths:1 | Reached skill level 20 in Shields
 71887 | Depths:2 | Found a shattered altar of Ashenzari.
 71926 | Depths:2 | Found a gateway to a ziggurat.
 72342 | Depths:2 | Reached XP level 25. HP: 194/194 MP: 37/37
 73012 | Depths:3 | Found a one-way gate to the infinite horrors of the Abyss.
 73256 | Depths:2 | Received a gift from Okawaru
 73714 | Depths:3 | Reached skill level 21 in Shields
 74392 | Depths:3 | Found a one-way gate leading to the halls of Pandemonium.
 75183 | Depths:4 | Reached skill level 22 in Shields
 75493 | Depths:4 | Upgraded the game from 0.17-a0-1497-g03599f7 to 0.17-a0-1504-gb7d9117
 75773 | Depths:4 | Found a large runed door.
 75773 | Depths:4 | Found a large runed door.
 76197 | Depths:4 | Received a gift from Okawaru
 76203 | Depths:4 | Reached skill level 23 in Shields
 77227 | Depths:4 | Reached XP level 26. HP: 201/201 MP: 37/37
 78230 | Depths:5 | Entered Level 5 of the Depths
 78238 | Depths:5 | Reached skill level 24 in Shields
 78299 | Depths:5 | Noticed Jory
 78315 | Depths:5 | Killed Jory
 79077 | Depths:5 | Noticed Sojobo
 79094 | Depths:5 | Killed Sojobo
 79110 | Depths:5 | Received a gift from Okawaru
 79190 | Depths:5 | Yermak: Check shield description
 79253 | Depths:5 | Yermak: Formicids need 15 shield skill to eliminate penalties
 79260 | Depths:5 | Gorice: for large shield?
 79260 | Depths:5 | Yermak: check the shield
 79260 | Depths:5 | Gorice: damn!
 79266 | Depths:5 | Gorice: Thanks should've checked
 79266 | Depths:5 | Gorice: I though Fo were the same as other normal sized
 79313 | Depths:5 | Reached skill level 2 in Evocations
 79507 | Depths:5 | Reached skill level 3 in Evocations
 79609 | Depths:5 | Reached skill level 9 in Stealth
 79609 | Depths:5 | Reached skill level 4 in Evocations
 79644 | Depths:5 | Reached skill level 5 in Evocations
 79651 | Depths:5 | Received a gift from Okawaru
 79658 | Depths:5 | Reached skill level 6 in Evocations
 80100 | Depths:5 | Reached skill level 10 in Stealth
 80208 | Depths:5 | Reached skill level 7 in Evocations
 80276 | Depths:5 | Found a gate to the Realm of Zot.
 80599 | Depths:5 | Reached skill level 8 in Evocations
 81064 | Depths:5 | Received a gift from Okawaru
 81064 | Depths:5 | Reached XP level 27. HP: 155/207 MP: 37/37
 81339 | Lair:1   | Learned a level 5 spell: Lee's Rapid Deconstruction
 81344 | Lair:1   | Learned a level 4 spell: Airstrike
 81521 | Elf:3    | Entered Level 3 of the Elven Halls
 81654 | Elf:3    | Reached skill level 9 in Evocations
 81738 | Elf:3    | Reached skill level 11 in Stealth
 81926 | Elf:3    | Received a gift from Okawaru
 82481 | Elf:3    | Reached skill level 10 in Evocations
 82991 | Elf:3    | Reached skill level 11 in Evocations
 83006 | Elf:3    | Reached skill level 12 in Stealth
 83547 | Elf:3    | Reached skill level 12 in Evocations
 83591 | Elf:3    | Received a gift from Okawaru
 83732 | Elf:3    | Got a warped silver ring
 83747 | Elf:3    | Identified the ring "Kimemousm" {rElec Int+2} (You took it off a deep elf demonologist on level 3 of the Elven Halls)
 84098 | Elf:3    | Identified a cursed +4 rod of destruction (3/12) {!a} (You took it off a deep elf death mage on level 3 of the Elven Halls)
 84114 | Elf:3    | Got a jasper-encrusted scale mail
 84125 | Elf:3    | Identified the +1 scale mail of Inaehur {Regen+ Int+4} (You found it on level 3 of the Elven Halls)
 84192 | Elf:3    | Got a translucent ring mail
 84203 | Elf:3    | Identified the cursed +0 ring mail of the Mutiny {MR+} (You found it on level 3 of the Elven Halls)
 84900 | Elf:3    | Learned a level 2 spell: Repel Missiles
 85534 | Crypt:1  | Entered Level 1 of the Crypt
 85543 | Crypt:1  | Reached skill level 13 in Stealth
 85747 | Crypt:1  | Reached skill level 13 in Evocations
 86233 | Crypt:1  | Found a basalt altar of Yredelemnul.
 86933 | Crypt:2  | Reached skill level 14 in Evocations
 87564 | Crypt:2  | Received a gift from Okawaru
 87792 | Crypt:2  | Reached skill level 15 in Evocations
 88120 | Crypt:3  | Entered Level 3 of the Crypt
 88492 | Crypt:3  | Reached skill level 16 in Fighting
 88620 | Crypt:3  | Found an ancient bone altar of Kikubaaqudgha.
 88881 | Crypt:3  | Received a gift from Okawaru
 88902 | Crypt:3  | Reached skill level 21 in Armour
 88983 | Crypt:3  | Got a transparent granite ring
 88983 | Crypt:3  | Got a scorched iron ring
 88988 | Crypt:3  | Identified the ring "Jutuups" {rN+ Dex+4} (You found it on level 3 of the Crypt)
 88990 | Crypt:3  | Identified the ring "Kueqac Kato" {rN+ Str+3} (You found it on level 3 of the Crypt)
 89096 | Crypt:3  | Received a gift from Okawaru
 89507 | Crypt:3  | Reached skill level 17 in Fighting
 89599 | Crypt:3  | Found a staircase to the Tomb.
 90215 | Crypt:3  | HP: 45/215 [flayed ghost/flay_damage (23)]
 90539 | Crypt:3  | Got a distressingly furry chain mail
 90540 | Crypt:3  | Identified the +4 chain mail of Elocef {rElec} (You found it on level 3 of the Crypt)
 90958 | Lair:1   | Learned a level 4 spell: Passage of Golubria
 91086 | Orc:4    | Bought a phantom mirror for 360 gold pieces
 91086 | Orc:4    | Bought a potion of curing for 36 gold pieces
 91356 | Slime:1  | Entered Level 1 of the Pits of Slime
 91364 | Slime:1  | Reached skill level 1 in Translocations
 91471 | Slime:2  | Reached skill level 2 in Translocations
 91575 | Slime:3  | Reached skill level 3 in Translocations
 91739 | Slime:5  | Reached skill level 4 in Translocations
 91878 | Slime:4  | Reached skill level 5 in Translocations
 91908 | Slime:5  | Received a gift from Okawaru
 91909 | Slime:5  | Got a pair of fine gloves {god gift}
 91937 | Slime:5  | Identified the -3 pair of gloves "Alosuimp" {+Blink rN+ Int-3} (Okawaru gifted it to you on level 5 of the Pits of Slime)
 92178 | Slime:5  | Reached skill level 6 in Translocations
 92246 | Slime:6  | Entered Level 6 of the Pits of Slime
 92386 | Slime:6  | Reached skill level 7 in Translocations
 92610 | Slime:6  | Reached skill level 8 in Translocations
 92908 | Slime:6  | Noticed the royal jelly
 92913 | Slime:6  | Killed the royal jelly
 92913 | Slime:6  | Reached skill level 9 in Translocations
 93018 | Slime:6  | Got a slimy rune of Zot
 93035 | Slime:6  | Got an ichor-stained leather armour
 93223 | Slime:6  | Identified the +3 leather armour "Hoeva" {rC- Str+7 Int+4} (You found it on level 6 of the Pits of Slime)
 93227 | Slime:6  | Got a twisted plate armour
 93228 | Slime:6  | Identified the +0 plate armour "Jutsamor" {MR+ Stlth+} (You found it on level 6 of the Pits of Slime)
 93459 | Lair:1   | Learned a level 2 spell: Stoneskin
 93758 | Zot:1    | Entered Level 1 of the Realm of Zot
 93846 | Zot:1    | Reached skill level 10 in Translocations
 94885 | Zot:1    | Received a gift from Okawaru
 94885 | Zot:1    | Reached skill level 11 in Translocations
 94886 | Zot:1    | Got a transparent robe {god gift}
 95377 | Zot:1    | Identified the +1 robe of Myodeine {+Blink rC+ rN+ Int-5} (Okawaru gifted it to you on level 1 of the Realm of Zot)
 95472 | Zot:2    | Found a white marble altar of Elyvilon.
 95831 | Zot:2    | Identified Lehudib's Tome of Confrontation (You found it on level 2 of the Realm of Zot)
 96168 | Zot:2    | Reached skill level 11 in Earth Magic
 96437 | Zot:3    | Reached skill level 12 in Earth Magic
 96525 | Zot:3    | Got a jewelled plate armour
 96526 | Zot:3    | Identified the +7 plate armour of Freedom {Int+7 Dex+5} (You found it on level 3 of the Realm of Zot)
 96678 | Zot:3    | Reached skill level 13 in Earth Magic
 97352 | Zot:4    | Reached skill level 14 in Earth Magic
 97439 | Zot:4    | Received a gift from Okawaru
 97456 | Zot:4    | Reached skill level 9 in Air Magic
 99411 | Shoals:2 | Bought a scroll of acquirement for 676 gold pieces
 99571 | Lair:1   | Reached skill level 10 in Air Magic
 99848 | Vaults:4 | --typical got Fo shaft and there's a downward escape hatch on V4 anyway!
 99851 | Vaults:5 | Entered Level 5 of the Vaults
100068 | Vaults:5 | Reached skill level 11 in Spellcasting
100100 | Vaults:5 | Got a silver rune of Zot
100343 | Vaults:5 | Reached skill level 11 in Air Magic
100358 | Vaults:5 | Received a gift from Okawaru
100976 | Vaults:5 | Identified the Tome of Unstable Stones (You found it on level 5 of the Vaults)
101001 | Vaults:4 | Received a gift from Okawaru
101061 | Vaults:5 | Noticed an ancient lich
101066 | Vaults:5 | Killed an ancient lich
101101 | Vaults:5 | Reached skill level 22 in Armour
101106 | Vaults:5 | Reached skill level 18 in Fighting
101108 | Vaults:5 | Upgraded the game from 0.17-a0-1504-gb7d9117 to 0.17-a0-1508-ge7f3dc3
102514 | Vaults:5 | Reached skill level 19 in Fighting
102569 | Vaults:5 | Learned a level 3 spell: Spectral Weapon
102573 | Vaults:5 | Learned a level 3 spell: Regeneration
102900 | Lair:1   | Reached skill level 1 in Hexes
103304 | Zot:5    | Entered Level 5 of the Realm of Zot
103304 | Zot:5    | Found a huge runed gate.
103306 | Zot:5    | Found a huge runed gate.
103306 | Zot:5    | Found a huge runed gate.
103306 | Zot:5    | Found a huge runed gate.
103361 | Zot:4    | Reached skill level 2 in Hexes
103482 | Zot:5    | Reached skill level 3 in Hexes
103556 | Zot:5    | Found a huge runed gate.
103556 | Zot:5    | Found a huge runed gate.
103557 | Zot:5    | Found a huge runed gate.
103557 | Zot:5    | Found a huge runed gate.
103557 | Zot:5    | Found a huge runed gate.
103818 | Zot:5    | Found a huge runed gate.
103818 | Zot:5    | Found a huge runed gate.
103876 | Zot:5    | Reached skill level 4 in Hexes
103906 | Zot:5    | Reached skill level 12 in Spellcasting
103922 | Zot:5    | Reached skill level 5 in Hexes
103992 | Zot:5    | Reached skill level 6 in Hexes
104372 | Zot:5    | Found a huge runed gate.
104372 | Zot:5    | Found a huge runed gate.
104376 | Zot:5    | Found a huge runed gate.
104377 | Zot:5    | Found a huge runed gate.
104378 | Zot:5    | Found a huge runed gate.
104379 | Zot:5    | Found a huge runed gate.
104379 | Zot:5    | Found a huge runed gate.
104379 | Zot:5    | Found a huge runed gate.
104383 | Zot:5    | Found a huge runed gate.
104384 | Zot:5    | Found a huge runed gate.
104384 | Zot:5    | Found a huge runed gate.
104385 | Zot:5    | Found a huge runed gate.
104397 | Zot:5    | Found a huge runed gate.
104397 | Zot:5    | Found a huge runed gate.
104399 | Zot:5    | Found a huge runed gate.
104399 | Zot:5    | Found a huge runed gate.
104405 | Zot:5    | Found a huge runed gate.
104406 | Zot:5    | Found a huge runed gate.
104406 | Zot:5    | Found a huge runed gate.
104408 | Zot:5    | Found a huge runed gate.
104473 | Zot:5    | Found a huge runed gate.
104473 | Zot:5    | Found a huge runed gate.
104476 | Zot:5    | Found a huge runed gate.
104476 | Zot:5    | Found a huge runed gate.
104476 | Zot:5    | Found a huge runed gate.
104499 | Zot:5    | Noticed an ancient lich
104499 | Zot:5    | Noticed an ancient lich
104540 | Zot:5    | Reached skill level 7 in Hexes
104555 | Zot:5    | Received a gift from Okawaru
104556 | Zot:5    | Got an iridescent short sword {god gift}
104565 | Zot:5    | Killed an ancient lich
104565 | Zot:5    | Reached skill level 8 in Hexes
104591 | Zot:5    | Killed an ancient lich
104602 | Zot:5    | Reached skill level 9 in Hexes
104622 | Zot:5    | Reached skill level 2 in Necromancy
104834 | Zot:5    | Reached skill level 3 in Necromancy
104892 | Zot:5    | Reached skill level 4 in Necromancy
104907 | Zot:5    | Received a gift from Okawaru
104958 | Zot:5    | Noticed an ancient lich
104989 | Zot:5    | Killed an ancient lich
104989 | Zot:5    | Reached skill level 13 in Spellcasting
104989 | Zot:5    | Reached skill level 5 in Necromancy
105088 | Zot:5    | Reached skill level 6 in Necromancy
105141 | Zot:5    | Reached skill level 7 in Necromancy
105205 | Zot:5    | Noticed an ancient lich
105232 | Zot:5    | Killed an ancient lich
105240 | Zot:5    | Noticed an ancient lich
105242 | Zot:5    | Noticed an ancient lich
105261 | Zot:5    | Killed an ancient lich
105261 | Zot:5    | Received a gift from Okawaru
105261 | Zot:5    | Reached skill level 8 in Necromancy
105264 | Zot:5    | Killed an ancient lich
105265 | Zot:5    | Noticed an orb of fire
105285 | Zot:5    | Killed an orb of fire
105285 | Zot:5    | Reached skill level 9 in Necromancy
105452 | Zot:5    | Noticed an orb of fire
105471 | Zot:5    | Noticed an ancient lich
105523 | Zot:4    | Killed an ancient lich
105523 | Zot:4    | Reached skill level 14 in Spellcasting
105523 | Zot:4    | Reached skill level 10 in Necromancy
105551 | Zot:5    | Killed an orb of fire
105648 | Zot:5    | Noticed an ancient lich
105719 | Zot:4    | Reached skill level 16 in Dodging
105763 | Zot:5    | Killed an ancient lich
105924 | Zot:5    | Noticed an orb of fire
105949 | Zot:5    | Killed an orb of fire
106001 | Zot:4    | Noticed an orb of fire
106106 | Zot:4    | Killed an orb of fire
106268 | Zot:5    | Noticed an ancient lich
106278 | Zot:5    | Killed an ancient lich
106309 | Zot:5    | Reached skill level 20 in Fighting
106394 | Zot:5    | Noticed an ancient lich
106403 | Zot:5    | Killed an ancient lich
106403 | Zot:5    | Received a gift from Okawaru
106404 | Zot:5    | Got an ichor-stained great sword {god gift}
106405 | Zot:5    | Identified the +2 great sword "Ucaojux" {flame, rElec rC- rN++ Dex+3} (Okawaru gifted it to you on level 5 of the Realm of Zot)
106459 | Zot:5    | Reached skill level 17 in Dodging
106472 | Zot:5    | Got the Orb of Zot
106520 | Zot:5    | Noticed an orb of fire
106525 | Zot:5    | Noticed an ancient lich
106627 | Depths:5 | Noticed Emych the pandemonium lord
106640 | Depths:5 | Killed Emych the pandemonium lord
106819 | D:15     | Noticed Irphable the pandemonium lord
106840 | D:15     | Killed Irphable the pandemonium lord
107013 | D:7      | Received a gift from Okawaru
107217 | D:$      | Escaped with the Orb!

Vault maps used:
D:1:      ldierk_walled_garden_2
D:2:      uniq_iyjb, uniq_crazy_yiuf_cottage
D:3:      lemuel_round_altar, minivault_5
D:4:      lemuel_round_altar, minmay_temple_entry_statues_pillars,
          portal_sewer_entry_d, first_bread
D:5:      minivault_26, tso_altar, uniq_sigmund
D:6:      nemelex_deck, serial_shops, nicolae_shop_crystal,
          nicolae_shop_waterfront
D:7:      grunt_ogre_cave
D:8:      serial_shops, kennysheep_mini
D:9:      serial_shops, nicolae_shop_trees
D:10:     david_lair_shrubbed
D:11:     zombieorc2_lemuel, serial_shops, nicolae_shop_overgrown_old_shop,
          nicolae_dithmenos_through_a_glass_darkly, uniq_erolcha
D:12:     uniq_josephine
D:14:     grunt_vaults_entry_tiered, minmay_misc_feat_four_crosses,
          kennysheep_generic_room_3
D:15:     grunt_enter_depths_hoard, hangedman_decor_points,
          nicolae_twisting_strands, spider_trap, uniq_louise
Temple:   nicolae_temple_elliptical
Lair:1:   serial_bayou_pond_b, beast_lair_carwin_2
Lair:2:   serial_bayou_shore_a, grunt_megastairs_4
Lair:4:   infiniplex_staircase_pool_2, lemuel_fruit_fields, grunt_megastairs_3,
          serial_bayou_shore_b
Lair:5:   dpeg_oklob_gauntlet, spider_nest_entry_funnel_web
Lair:6:   shoals_dummy_entry, slime_altar_1, forest_entry_grove, uniq_kirke
Lair:7:   grunt_megastairs_2
Lair:8:   grunt_lair_end_beastmaster
Shoals:1: hangedman_shoals_cup_caves
Shoals:2: nicolae_shoals_island_circles, serial_shops, shop
Shoals:3: nicolae_alphabet_shops
Shoals:4: shoals_end_simple, shoal_ilsuiw, uniq_polyphemus
Spider:1: uniq_azrael
Spider:3: cheibrodos_spider_creepycove, spider_trap
Spider:4: grunt_spider_rune_parallel
Slime:1:  cheibrodos_slime_lost_civilization_7
Orc:1:    uniq_urug
Orc:2:    uniq_harold
Orc:3:    serial_shops, nicolae_shop_overgrown_old_shop, nicolae_orc_pool_cavern
Orc:4:    grunt_orc_cross
Elf:1:    serial_glass, glass_columns_a, glass_columns_a,
          minmay_elf_annihilation
Elf:3:    minmay_elf_hall_hex
Vaults:1: ontoclasm_vaults_twist, nicolae_vaults_know_your_exits, v_rooms_4,
          vaults_mumra_minichess_inversion, vaults_dpeg_diagonal,
          uniq_saint_roka
Vaults:2: ontoclasm_vaults_gateway, minmay_crypt_entry_necro_gods,
          vaults_room_corners, vaults_dpeg_cross, st_cross,
          nicolae_vaults_little_squares_3, hangedman_vaults_river_flow,
          v_rooms_6, v_misc_1, vaults_mumra_chevron_long,
          nicolae_vaults_hallways_thing, vaults_dpeg_ring,
          nicolae_vaults_yaktaur_gun_rack, vaults_room_pool, v_misc_11,
          serial_shops, shop, uniq_xtahua, uniq_jorgrun
Vaults:3: hangedman_vaults_cutoff, nicolae_vaults_little_squares_6,
          nicolae_vaults_ninety_degrees, hangedman_vaults_snaps,
          hangedman_vaults_cutoff, v_misc_11, hangedman_vaults_restitches,
          grunt_vaults_diagonal, ontoclasm_vaults_decontamination,
          nicolae_vaults_quadrants, ontoclasm_vaults_tryst,
          vaults_room_stairs_pillars
Vaults:4: v_misc_9, v_pattern_5, v_alt_pattern_1, hangedman_vaults_trim,
          ontoclasm_vaults_spin, st_quartered_hall, vaults_dpeg_encased_lava,
          nicolae_vaults_mini_display_case, v_misc_10
Crypt:1:  lemuel_mausoleum_altar_yredelemnul
Crypt:2:  grunt_ministairs_2, roderic_lattice_octagonal_star
Crypt:3:  grunt_crypt_end_deaths_head
Depths:1: cell_vault, hell_entry, kennysheep_doodads, minivault_16,
          glass_columns_b, solitary_fountain, hangedman_decor_push, hex_tiny,
          minmay_curled_crystal, lightli_minifort, firewood_loft,
          uniq_enchantress
Depths:2: minmay_dotted_concentric_squares, enter_ziggurat_b,
          evilmike_ruin_ashenzari, hangedman_coc_ice_floe, serial_sigils,
          serial_sigils_hangedman_snap, serial_sigils_hangedman_clutch
Depths:3: minmay_split_circle, pan_entry, grunt_mini_vestibule,
          nicolae_abyss_entry_one_way_or_another, minmay_staircase_statues,
          serial_bayou_shore_b
Depths:4: lightli_eight_chambers, hell_entry, abyss_entry, pan_entry,
          serial_sigils_hangedman_confine
Depths:5: grunt_runaround, hell_entry, uniq_sojobo, uniq_jory
Zot:2:    basic_altar
Zot:5:    grunt_ministairs_7, door_vault
Sewer:    kennysheep_sewer_church

Action                   |  1- 3 |  4- 6 |  7- 9 | 10-12 | 13-15 | 16-18 | 19-21 | 22-24 | 25-27 || total
-------------------------+-------+-------+-------+-------+-------+-------+-------+-------+-------++-------
Melee: Quarterstaff      |    75 |   166 |   387 |  1055 |     9 |    23 |       |       |       ||  1715
       Lajatang          |       |       |       |   175 |  2016 |  2051 |  2615 |  2950 |  5938 || 15745
 Fire: Blowgun           |       |    14 |    44 |    40 |       |       |       |       |       ||    98
       Hunting sling     |       |       |       |     1 |       |       |       |       |       ||     1
       Arbalest          |       |       |       |     8 |     2 |       |       |       |       ||    10
Throw: Stone             |    11 |     9 |    15 |       |       |       |       |       |       ||    35
       Tomahawk          |       |       |       |     6 |       |       |       |       |       ||     6
       Javelin           |       |       |       |     4 |    19 |    62 |    11 |     8 |    19 ||   123
       Throwing net      |       |       |       |       |       |       |     4 |       |       ||     4
 Cast: Swiftness         |       |       |       |       |       |       |     2 |     5 |     6 ||    13
       Passwall          |       |       |       |       |       |       |       |     1 |     1 ||     2
       Regeneration      |       |       |       |       |       |       |       |       |    47 ||    47
       Spectral Weapon   |       |       |       |       |       |       |       |       |    45 ||    45
       Airstrike         |       |       |       |       |       |       |       |       |    14 ||    14
       Repel Missiles    |       |       |       |       |       |       |       |       |     6 ||     6
       Passage of Golubr |       |       |       |       |       |       |       |       |     2 ||     2
       Lee's Rapid Decon |       |       |       |       |       |       |       |       |     1 ||     1
Invok: Heroism           |       |       |       |     3 |     7 |     9 |     9 |     8 |    15 ||    51
 Abil: Dig               |       |     1 |     4 |     1 |     6 |    35 |     7 |    11 |     9 ||    74
       Stop Flying       |       |       |       |       |       |       |       |     1 |     2 ||     3
       Evoke Flight      |       |       |       |       |       |       |       |     1 |     1 ||     2
Evoke: Wand              |       |       |     3 |       |       |     1 |       |       |       ||     4
       Sack of spiders   |       |       |       |       |       |     1 |       |       |       ||     1
       Rod               |       |       |       |       |       |       |       |       |     3 ||     3
       Phantom mirror    |       |       |       |       |       |       |       |       |     1 ||     1
  Use: Scroll            |     5 |     9 |     9 |     6 |    10 |     5 |       |     6 |    29 ||    79
       Potion            |       |       |     3 |     1 |     1 |     4 |     2 |     1 |     4 ||    16
 Stab: Invisible         |       |       |       |       |       |     3 |       |       |       ||     3
       Petrified         |       |       |       |       |       |       |     3 |       |       ||     3
       Distracted        |       |       |       |       |       |       |       |       |    23 ||    23
       Sleeping          |       |       |       |       |       |       |       |       |    23 ||    23
  Eat: Chunk             |     1 |     7 |     9 |    31 |    43 |    35 |    43 |    44 |    66 ||   279
       Pizza             |       |       |     1 |       |     3 |     1 |       |       |     3 ||     8
       Beef jerky        |       |       |     1 |       |       |       |     1 |     1 |     3 ||     6
       Bread ration      |       |       |       |       |       |     1 |       |       |     6 ||     7
       Meat ration       |       |       |       |       |       |     1 |     1 |     1 |     4 ||     7
       Fruit             |       |       |       |       |       |       |       |     1 |       ||     1

Table legend:
 A = Turns spent in this place as a percentage of turns spent in the entire game.
 B = Non-inter-level travel turns spent in this place as a percentage of non-inter-level travel turns spent in the entire game.
 C = Inter-level travel turns spent in this place as a percentage of turns spent in this place.
 D = Turns resting spent in this place as a percentage of non-inter-level travel turns spent in this place.
 E = Turns spent auto-exploring this place as a percentage of non-inter-level travel turns spent in this place.
 F = Non-inter-level travel turns spent in this place divided by the number of levels of this place that you've seen.
                   A       B       C       D       E      F
               +-------+-------+-------+-------+-------+----------------------
         Total | 100.0 | 100.0 |   0.5 |   1.8 |   2.2 | 825.2
       Dungeon |  16.4 |  16.3 |   0.9 |   1.3 |   3.8 | 583.0
        Temple |   0.1 |   0.1 |   3.3 |   0.0 |  48.3 |  29.0
          Lair |  10.7 |  10.7 |   1.0 |   1.5 |   3.4 | 714.8
        Shoals |   6.8 |   6.8 |   0.4 |   2.0 |   1.0 | 907.0
   Spider Nest |   6.3 |   6.3 |   0.3 |   1.8 |   1.9 | 848.8
    Slime Pits |   2.6 |   2.6 |   0.2 |   1.5 |   0.1 | 236.5
  Orcish Mines |   4.4 |   4.4 |   0.5 |   2.5 |   1.3 | 590.5
   Elven Halls |   6.1 |   6.1 |   0.3 |   1.8 |   1.7 | 1091.7
        Vaults |  15.5 |  15.6 |   0.3 |   1.6 |   1.2 | 1672.2
         Crypt |   6.4 |   6.5 |   0.2 |   0.6 |   1.9 | 1156.0
        Depths |  14.0 |  14.0 |   0.5 |   2.7 |   1.9 | 1498.6
           Zot |   8.0 |   8.0 |   0.3 |   2.9 |   2.6 | 856.8
         Abyss |   1.9 |   2.0 |   0.0 |   1.7 |   0.0 | 1046.0
         Sewer |   0.8 |   0.8 |   0.0 |   2.9 |   1.4 | 418.0
               +-------+-------+-------+-------+-------+----------------------

Vault maps used:
D:1:      ldierk_walled_garden_2
D:2:      uniq_iyjb, uniq_crazy_yiuf_cottage
D:3:      lemuel_round_altar, minivault_5
D:4:      lemuel_round_altar, minmay_temple_entry_statues_pillars,
          portal_sewer_entry_d, first_bread
D:5:      minivault_26, tso_altar, uniq_sigmund
D:6:      nemelex_deck, serial_shops, nicolae_shop_crystal,
          nicolae_shop_waterfront
D:7:      grunt_ogre_cave
D:8:      serial_shops, kennysheep_mini
D:9:      serial_shops, nicolae_shop_trees
D:10:     david_lair_shrubbed
D:11:     zombieorc2_lemuel, serial_shops, nicolae_shop_overgrown_old_shop,
          nicolae_dithmenos_through_a_glass_darkly, uniq_erolcha
D:12:     uniq_josephine
D:14:     grunt_vaults_entry_tiered, minmay_misc_feat_four_crosses,
          kennysheep_generic_room_3
D:15:     grunt_enter_depths_hoard, hangedman_decor_points,
          nicolae_twisting_strands, spider_trap, uniq_louise
Temple:   nicolae_temple_elliptical
Lair:1:   serial_bayou_pond_b, beast_lair_carwin_2
Lair:2:   serial_bayou_shore_a, grunt_megastairs_4
Lair:4:   infiniplex_staircase_pool_2, lemuel_fruit_fields, grunt_megastairs_3,
          serial_bayou_shore_b
Lair:5:   dpeg_oklob_gauntlet, spider_nest_entry_funnel_web
Lair:6:   shoals_dummy_entry, slime_altar_1, forest_entry_grove, uniq_kirke
Lair:7:   grunt_megastairs_2
Lair:8:   grunt_lair_end_beastmaster
Shoals:1: hangedman_shoals_cup_caves
Shoals:2: nicolae_shoals_island_circles, serial_shops, shop
Shoals:3: nicolae_alphabet_shops
Shoals:4: shoals_end_simple, shoal_ilsuiw, uniq_polyphemus
Spider:1: uniq_azrael
Spider:3: cheibrodos_spider_creepycove, spider_trap
Spider:4: grunt_spider_rune_parallel
Slime:1:  cheibrodos_slime_lost_civilization_7
Orc:1:    uniq_urug
Orc:2:    uniq_harold
Orc:3:    serial_shops, nicolae_shop_overgrown_old_shop, nicolae_orc_pool_cavern
Orc:4:    grunt_orc_cross
Elf:1:    serial_glass, glass_columns_a, glass_columns_a,
          minmay_elf_annihilation
Elf:3:    minmay_elf_hall_hex
Vaults:1: ontoclasm_vaults_twist, nicolae_vaults_know_your_exits, v_rooms_4,
          vaults_mumra_minichess_inversion, vaults_dpeg_diagonal,
          uniq_saint_roka
Vaults:2: ontoclasm_vaults_gateway, minmay_crypt_entry_necro_gods,
          vaults_room_corners, vaults_dpeg_cross, st_cross,
          nicolae_vaults_little_squares_3, hangedman_vaults_river_flow,
          v_rooms_6, v_misc_1, vaults_mumra_chevron_long,
          nicolae_vaults_hallways_thing, vaults_dpeg_ring,
          nicolae_vaults_yaktaur_gun_rack, vaults_room_pool, v_misc_11,
          serial_shops, shop, uniq_xtahua, uniq_jorgrun
Vaults:3: hangedman_vaults_cutoff, nicolae_vaults_little_squares_6,
          nicolae_vaults_ninety_degrees, hangedman_vaults_snaps,
          hangedman_vaults_cutoff, v_misc_11, hangedman_vaults_restitches,
          grunt_vaults_diagonal, ontoclasm_vaults_decontamination,
          nicolae_vaults_quadrants, ontoclasm_vaults_tryst,
          vaults_room_stairs_pillars
Vaults:4: v_misc_9, v_pattern_5, v_alt_pattern_1, hangedman_vaults_trim,
          ontoclasm_vaults_spin, st_quartered_hall, vaults_dpeg_encased_lava,
          nicolae_vaults_mini_display_case, v_misc_10
Crypt:1:  lemuel_mausoleum_altar_yredelemnul
Crypt:2:  grunt_ministairs_2, roderic_lattice_octagonal_star
Crypt:3:  grunt_crypt_end_deaths_head
Depths:1: cell_vault, hell_entry, kennysheep_doodads, minivault_16,
          glass_columns_b, solitary_fountain, hangedman_decor_push, hex_tiny,
          minmay_curled_crystal, lightli_minifort, firewood_loft,
          uniq_enchantress
Depths:2: minmay_dotted_concentric_squares, enter_ziggurat_b,
          evilmike_ruin_ashenzari, hangedman_coc_ice_floe, serial_sigils,
          serial_sigils_hangedman_snap, serial_sigils_hangedman_clutch
Depths:3: minmay_split_circle, pan_entry, grunt_mini_vestibule,
          nicolae_abyss_entry_one_way_or_another, minmay_staircase_statues,
          serial_bayou_shore_b
Depths:4: lightli_eight_chambers, hell_entry, abyss_entry, pan_entry,
          serial_sigils_hangedman_confine
Depths:5: grunt_runaround, hell_entry, uniq_sojobo, uniq_jory
Zot:2:    basic_altar
Zot:5:    grunt_ministairs_7, door_vault
Sewer:    kennysheep_sewer_church
